 Dungeon Crawl Stone Soup version 0.31-a0-965-g8a8ce12e04 (webtiles) character file.

Game seed: 3422224775411866313

98 Dordric the Changeling (level 5, -1/55 HPs)
             Began as a Djinni Shapeshifter on Oct 27, 2023.
             Slain by a goblin
             ... wielding a +0 club
             ... led by Robin
              (5 damage)
             ... on level 3 of the Dungeon.
             The game lasted 00:01:54 (1789 turns).

Dordric the Changeling (Djinni Shapeshifter)        Turns: 1789, Time: 00:01:55

Health: -1/55      AC: 22    Str: 13    XL:     5   Next: 1%
Gold:   157        EV:  2    Int: 11    God:
                   SH:  0    Dex: 15

rFire   . .          .
                       - Unarmed
rCold   . . .        (no shield)
rNeg    . . .        a - melded +0 animal skin
rPois   ∞            (helmet currently unavailable)
rElec   .            (cloak currently unavailable)
rCorr   .            (gloves currently unavailable)
SInv    .            (boots unavailable)
Will    .....        (no amulet)
Stlth   +            (no ring)
HPRegen 0.29/turn    (no ring)
MPRegen 0.00/turn

%: infuse magic (-2 HP)
@: tree-form
A: stationary, stasis, torment immunity, boosted hp, sickness immunity, (fire
resistance 2), (cold vulnerability 1), float, innate caster, HP casting, extra
vitality 1
a: no special abilities


You were on level 3 of the Dungeon.
You were a tree.
You visited 1 branch of the dungeon, and saw 3 of its levels.

You collected 157 gold pieces.

Inventory:

Armour
 a - a +0 animal skin (melded)
Talismans
 c - a beast talisman
 d - a flux talisman
 i - a blade talisman
Wands
 l - a wand of acid (9)
Scrolls
 f - 4 scrolls of identify {unknown}
 h - a scroll of teleportation {unknown}
 k - a scroll of blinking {unknown}
Potions
 e - a potion of cancellation {unknown}
 g - a potion of haste {unknown}
 j - a potion of mutation {unknown}


   Skills:
 - Level 1.0 Fighting
 - Level 2.1 Dodging
 - Level 3.0 Unarmed Combat
 + Level 2.0 Spellcasting
 + Level 2.0 Conjurations
 + Level 2.0 Hexes
   Level 0.0 Charms
 + Level 2.0 Summonings
 + Level 2.0 Necromancy
 + Level 2.0 Translocations
 + Level 2.0 Transmutations
 + Level 2.0 Fire Magic
 + Level 2.0 Ice Magic
 + Level 2.0 Air Magic
 + Level 2.0 Earth Magic
 + Level 2.0 Poison Magic
 + Level 3.7 Shapeshifting


You knew the following spells:

 Your Spells              Type           Power      Damage    Failure   Level
a - Magic Dart            Conj           20%        1d4       13%         1
b - Passwall              Tmut/Erth      4%         N/A       19%         2
Your spell library was empty.

Dungeon Overview and Level Annotations

Branches:
Dungeon (3/15)

Altars:


Innate Abilities, Weirdness & Mutations

You are a tree.
Your roots penetrate the ground, keeping you stationary.
You cannot be teleported.
You are immune to unholy pain and torment.
Your maximum health is greatly increased.
Your equipment is partially melded.
You are immune to sickness and miasma.
You are immune to poison.
((Your flesh is very heat resistant. (rF++)))
((You are vulnerable to cold. (rC-)))
You float through the air rather than walking.
You learn spells naturally, not from books.
Your magical power is your life essence.
You have superior vitality. (+4 MHP)


Message History

You hit Robin.
Robin is almost dead.
Robin throws the goblin at you!
* * * LOW HITPOINT WARNING * * *
The goblin closely misses you. The goblin hits you but does no damage.
You hit Robin.
You kill Robin!
The goblin barely misses you. The goblin hits you with a +0 dagger.
* * * LOW HITPOINT WARNING * * *
Your Spellcasting skill increases to level 2!
Your Conjurations skill increases to level 2!
Your Hexes skill increases to level 2!
Your Summonings skill increases to level 2!
Your Necromancy skill increases to level 2!
Your Translocations skill increases to level 2!
Your Transmutations skill increases to level 2!
Your Fire Magic skill increases to level 2!
Your Ice Magic skill increases to level 2!
Your Air Magic skill increases to level 2!
Your Earth Magic skill increases to level 2!
Your Poison Magic skill increases to level 2!
You have reached level 5!
The power to cast Passwall wells up from within.
Spell assigned to 'b'.
Your transformation has ended.
You turn into a tree.
Your +0 animal skin melds into your body.
Your roots penetrate the ground.
The hobgoblin hits you but does no damage.
The goblin hits you but does no damage. x2
You smack the goblin!
You kill the goblin!
The hobgoblin hits you.
* * * LOW HITPOINT WARNING * * *
The goblin hits you but does no damage.
You cannot move.
You barely miss the hobgoblin.
The hobgoblin hits you but does no damage.
The goblin hits you with a +0 club.
You die...

...##..##.........#####)#
#.........#........##)#
#......##.########.##)#
#.............# #.##.#
###..####...#.# #.##.##
#..# #...#.# #..)..# #..#
##.##.# ##...## #..#
#)##.# #.>..# #.. #♣##.#
#....# ....ggg.g#.#
#.#### ...#######.# #.#
#.#####.# #.......#
#########


You could see 2 hobgoblins and 2 goblins.

Vanquished Creatures
  Robin (D:3)
  A gnoll (D:2)
  3 adders
  A worm (D:2)
  5 ball pythons
  4 bats
  2 endoplasms
  A giant cockroach (D:1)
  14 goblins
  2 hobgoblins (D:1)
  A quokka (D:1)
  5 frilled lizards (D:1)
  6 kobolds
  3 rats (D:1)
49 creatures vanquished.

Notes
Turn   | Place    | Note
-------+----------+-------------------------------------------
     0 | D:1      | Dordric the Djinni Shapeshifter began the quest for the
                  | Orb.
     0 | D:1      | Reached XP level 1. HP: 17/17 MP: 0/0
   207 | D:1      | Reached XP level 2. HP: 22/22 MP: 0/0
   412 | D:1      | Reached skill level 1 in Spellcasting
   412 | D:1      | Reached skill level 1 in Conjurations
   412 | D:1      | Reached skill level 1 in Hexes
   412 | D:1      | Reached skill level 1 in Summonings
   412 | D:1      | Reached skill level 1 in Necromancy
   412 | D:1      | Reached skill level 1 in Translocations
   412 | D:1      | Reached skill level 1 in Transmutations
   412 | D:1      | Reached skill level 1 in Fire Magic
   412 | D:1      | Reached skill level 1 in Ice Magic
   412 | D:1      | Reached skill level 1 in Air Magic
   412 | D:1      | Reached skill level 1 in Earth Magic
   412 | D:1      | Reached skill level 1 in Poison Magic
   514 | D:1      | Reached XP level 3. HP: 27/27 MP: 0/0
   514 | D:1      | Learned a level 1 spell: Magic Dart
   765 | D:2      | Reached XP level 4. HP: 8/32 MP: 0/0
  1774 | D:3      | Noticed Robin
  1786 | D:3      | Killed Robin
  1787 | D:3      | Reached XP level 5. HP: 6/37 MP: 0/0
  1787 | D:3      | Learned a level 2 spell: Passwall
  1789 | D:3      | Slain by a goblin

Illustrated notes

Levels and vault maps discovered:
D:1:      moated_graveyard_arrival, layout_rooms
D:2:      layout_rooms, minmay_quantized
D:3:      layout_basic, yredelemnul_forgotten_temple_becter,
          nicolae_tso_swordbearing_angel, mainiacjoe_overflow_catwalk,
          serial_shops, nicolae_shop_statue_plus, grunt_ministairs_8,
          uniq_crazy_yiuf_cottage, uniq_robin

Skill      XL: |  1  2  3  4 |
---------------+-------------+-----
Shapeshifting  | 3 |  3.7
Spellcasting   | 1 2 |  2.0
Conjurations   | 1 2 |  2.0
Hexes          | 1 2 |  2.0
Summonings     | 1 2 |  2.0
Necromancy     | 1 2 |  2.0
Translocations | 1 2 |  2.0
Transmutations | 1 2 |  2.0
Fire Magic     | 1 2 |  2.0
Ice Magic      | 1 2 |  2.0
Air Magic      | 1 2 |  2.0
Earth Magic    | 1 2 |  2.0
Poison Magic   | 1 2 |  2.0
Fighting       | |  1.0
Dodging        | |  2.1
Unarmed Combat | |  3.0

Action                     |  1- 3 |  4- 6 || total
---------------------------+-------+-------++-------
  Melee: Unarmed           |    89 |    45 ||   134
         Punch             |     2 |       ||     2
   Cast: Magic Dart        |       |    30 ||    30
    Use: Potion            |       |     1 ||     1
   Stab: Sleeping          |     1 |     1 ||     2
 Armour: Animal skin       |    52 |    39 ||    91
         Skin              |       |     7 ||     7
  Dodge: Dodged            |    39 |    39 ||    78

Table legend: (Time is in decaauts)
 A = Elapsed time spent in this place.
 B = Non-inter-level travel time spent in this place.
 C = Inter-level travel time spent in this place.
 D = Time resting spent in this place.
 E = Time spent auto-exploring this place.
 F = Levels seen in this place.
 G = Mean time per level.
                   A        B        C        D        E       F      G
               +--------+--------+--------+--------+--------+-----+--------+
         Total |   1783 |   1748 |     35 |    132 |   1283 |   3 |  594.3 |
       Dungeon |   1783 |   1748 |     35 |    132 |   1283 |   3 |  594.3 |
               +--------+--------+--------+--------+--------+-----+--------+

Top non-repeatable levels by time:
     D:2: 755 daAuts
     D:1: 726 daAuts
     D:3: 301 daAuts
